 Dungeon Crawl Stone Soup version 0.30.1-11-g7821555f0a (webtiles) character file.

Game seed: 9346417347483910118

98 PaiMei the Grave Robber (level 4, -4/32 HPs)
             Began as a Demonspawn Necromancer on Jan 10, 2024.
             Slain by a gnoll
             ... wielding a +0 halberd
              (9 damage)
             ... on level 3 of the Dungeon.
             The game lasted 00:02:59 (2197 turns).

PaiMei the Grave Robber (Demonspawn Necromancer)    Turns: 2197, Time: 00:03:00

Health: -4/32      AC:  3    Str:  9    XL:     4   Next: 44%
Magic:  7/8        EV: 12    Int: 18    God:
Gold:   132        SH:  0    Dex: 13    Spells: 7/8 levels left

rFire   . . .        o - +0 flail (protect)
rCold   . . .        (no shield)
rNeg    . . .        a - +0 robe
rPois   .            (no helmet)
rElec   .            (no cloak)
rCorr   .            (no gloves)
SInv    .            (no boots)
Will    .....        (no amulet)
Stlth   ++           (no ring)
HPRegen 0.25/turn    (no ring)
MPRegen 0.11/turn

%: no passive effects
@: no status effects
A: spiny 1, sharp scales 1
a: no special abilities


You were on level 3 of the Dungeon.
You visited 1 branch of the dungeon, and saw 3 of its levels.

You collected 132 gold pieces.

Inventory:

Hand Weapons
 c - a +0 mace
 o - a +0 flail of protection (weapon)
Armour
 a - a +0 robe (worn)
Jewellery
 i - a ring of fire
Scrolls
 g - 2 scrolls of poison {unknown}
 h - a scroll of vulnerability {unknown}
 j - 2 scrolls of magic mapping {unknown}
 k - a scroll of enchant armour {unknown}
 l - a scroll of identify {unknown}
 n - a scroll of fog {unknown}
Potions
 b - 2 potions of magic
 d - 2 potions of brilliance {unknown}
 e - a potion of invisibility {unknown}
 f - a potion of heal wounds {unknown}
 m - a potion of mutation {unknown}


   Skills:
 + Level 1.4 Fighting
 + Level 2.6 Dodging
 - Level 2.0 Stealth
 + Level 2.7 Spellcasting
 + Level 5.0 Necromancy


You had 7 spell levels left.
You knew the following spells:

 Your Spells              Type           Power      Damage    Failure   Level
a - Necrotise             Necr           80%        1d8       1%          1

Your spell library contained the following spells:

 Spells                   Type           Power      Damage    Failure   Level
 Vampiric Draining        Necr           20%        2d7       6%          3
 Slow                     Hex            8%         N/A       17%         1
 Animate Dead             Necr           20%        N/A       21%         4
 Confusing Touch          Hex            2%         N/A       45%         3
 Agony                    Necr           20%        N/A       50%         5


Dungeon Overview and Level Annotations

Branches:
Dungeon (3/15)

Altars:
Qazlal


Innate Abilities, Weirdness & Mutations

You are partially covered in sharp spines.
You are partially covered in razor-sharp scales. (AC +1, Slay +1)


Message History

There is a stone staircase leading down here.
You climb downwards.
Found a stone staircase leading down.
There is a stone staircase leading up here.
There are monsters nearby!
An orc comes into view. It is wielding a +0 flail.
Found 17 gold pieces.
The orc shouts!
The gnoll shouts!
Casting: Necrotise (safe; 1% risk of failure)
Confirm with . or Enter, or press ? or * to list all spells.
Aiming: Necrotise (safe; 1% risk of failure)
Press: ? - help, Shift-Dir - straight line, f - gnoll
Aim: a gnoll, wielding a +2 halberd of protection (chance to affect: 84%)
The gnoll writhes in agony.
A gnoll comes into view. It is wielding a +0 whip.
A gnoll comes into view. It is wielding a +0 flail.
There is a stone staircase leading up here.
Casting: Necrotise (safe; 1% risk of failure)
Confirm with . or Enter, or press ? or * to list all spells.
Aiming: Necrotise (safe; 1% risk of failure)
Press: ? - help, Shift-Dir - straight line, f/p - gnoll
Aim: a gnoll, wielding a +2 halberd of protection (lightly wounded, chance to affect: 84%)
The gnoll barely resists.
The gnoll shouts!
You hear a shout!
The gnoll barely misses you.
The gnoll shouts!
The gnoll throws a throwing net.
The throwing net hits you.
You become entangled in the net!
The gnoll barely misses you.
There is a stone staircase leading up here.
You see here a throwing net.
You struggle against the net.
The gnoll hits you from afar with a +0 halberd!
The gnoll barely misses you.
You tear a large gash into the net.
The gnoll hits you from afar with a +0 halberd.
You shred the net and break free! The gnoll closely misses you.
The gnoll hits you with a +2 halberd of protection!
* * * LOW HITPOINT WARNING * * *
The gnoll hits you from afar with a +0 halberd!
You die...

.# #.#.
#.... .....
......
###......
#........
##.# ##@.#
#gg##
......gg##
.......o.
..........
..........#
..........#
....>.....#
...$...g..#


You could see 4 gnolls and an orc.

Vanquished Creatures
  Terence (D:2)
  A gnoll (D:1)
  2 adders (D:2)
  A dart slug (D:2)
  5 endoplasms
  2 giant cockroaches
  3 goblins
  2 hobgoblins
  5 quokkas
  7 ball pythons
  3 bats
  3 frilled lizards (D:1)
  4 kobolds
  3 rats
42 creatures vanquished.

Vanquished Creatures (collateral kills)
  A kobold (D:2)
  A quokka (D:1)
2 creatures vanquished.

Grand Total: 44 creatures vanquished

Notes
Turn   | Place    | Note
-------+----------+-------------------------------------------
     0 | D:1      | PaiMei the Demonspawn Necromancer began the quest for the
                  | Orb.
     0 | D:1      | Reached XP level 1. HP: 13/13 MP: 3/3
   240 | D:1      | Gained mutation: You are partially covered in razor-sharp
                  | scales. (AC +1, Slay +1) [demonic ancestry]
   240 | D:1      | Reached XP level 2. HP: 19/19 MP: 1/5
   646 | D:1      | Gained mutation: You are partially covered in sharp spines.
                  | [demonic ancestry]
   646 | D:1      | Reached XP level 3. HP: 25/25 MP: 4/6
   944 | D:2      | Found a stormy altar of Qazlal.
  1327 | D:2      | Reached skill level 1 in Fighting
  1480 | D:2      | Noticed Terence
  1485 | D:2      | Killed Terence
  1486 | D:2      | Reached skill level 5 in Necromancy
  1486 | D:2      | Reached XP level 4. HP: 32/32 MP: 2/8
  2197 | D:3      | Slain by a gnoll

Illustrated notes

Levels and vault maps discovered:
D:1:      dpeg_arrival_shelter, layout_basic, minivault_14
D:2:      layout_basic, basic_altar, serial_corexii_hall,
          corexii_hall_statues_l, corexii_hall_statues_i, uniq_terence
D:3:      layout_rooms

Skill      XL: |  1  2  3 |
---------------+----------+-----
Stealth        | 2 |  2.0
Dodging        | 2 |  2.6
Fighting       | 1 |  1.4
Necromancy     | 5 |  5.0
Spellcasting   | |  2.7

Action                     |  1- 3 |  4- 6 || total
---------------------------+-------+-------++-------
  Melee: Unarmed           |     3 |       ||     3
         Mace              |    11 |     2 ||    13
   Cast: Necrotise         |    68 |    12 ||    80
 Armour: Robe              |     1 |       ||     1
  Dodge: Dodged            |    20 |     5 ||    25
